 Dungeon Crawl Stone Soup version 0.27.1-33-g824d729ab1 (webtiles) character file.

Game seed: 10040997202108974316

14679 pkoi the Grappler (level 11, -3/123 HPs)
             Began as a Pale Draconian Warper on Dec 17, 2021.
             Was an Initiate of Gozag.
             Slain by a bone dragon (14 damage)
             ... on level 2 of the Abyss.
             The game lasted 00:33:25 (21131 turns).

pkoi the Grappler (Pale Draconian Warper)          Turns: 21131, Time: 00:33:26

Health: -3/123     AC:  1    Str: 10    XL:     11   Next: 91%
Magic:  0/13       EV: 13    Int: 17    God:    Gozag
Gold:   42         SH:  0    Dex: 12    Spells: 8/21 levels left

rFire    . . .     SeeInvis .     - Unarmed
rCold    . . .     Faith    .   (no shield)
rNeg     . . .     Spirit   +   (armour unavailable)
rPois    .         Reflect  .   h - +1 hat {Stlth+}
rElec    .         Harm     .   (no cloak)
rCorr    .         Rampage  .   j - +0 pair of gloves
Will     .....     Rnd*Rage +   (no boots)
Stlth    ..........             t - amulet of guardian spirit
HPRegen  0.30/turn              e - +4 ring of slaying
MPRegen  0.13/turn              q - ring of flight

@: berserking, corroded, unable to read, gold aura, flying, studying Short
Blades, very quick
A: breathe steam, AC +7, unfitting armour, cold-blooded, steam resistance, horns
1, talons 1, agile 1, [berserk 2], [low mp 3], [weak 2], [subdued magic 2],
[inability to read while threatened]
a: Breathe Steam, Renounce Religion, Potion Petition, Call Merchant, Bribe
Branch


You were on level 2 of the Abyss.
You worshipped Gozag.
Gozag was noncommittal.
You visited 3 branches of the dungeon, and saw 13 of its levels.
You visited the Abyss 1 time.
You also visited: Sewer and Bailey.

You collected 2875 gold pieces.
You spent 132 gold pieces at shops.
You paid 2701 gold pieces to Gozag.

Inventory:

Hand Weapons
 c - a +0 dagger
 f - a +2 dagger of venom
 g - a +0 dagger of speed
Missiles
 b - 3 boomerangs of dispersal
 k - 7 atropa-tipped darts
 r - 52 poisoned darts (quivered)
 v - 4 throwing nets
 D - 4 boomerangs
 G - 3 silver boomerangs
 I - a curare-tipped dart
Armour
 h - a +1 hat of stealth (worn)
 j - a +0 pair of gloves (worn)
Jewellery
 e - a +4 ring of slaying (left hand)
 q - a ring of flight (right hand)
 t - an amulet of guardian spirit (around neck)
Wands
 n - a wand of acid (10)
 A - a wand of iceblast (15)
Scrolls
 a - 2 scrolls of blinking
 i - 3 scrolls of amnesia
 m - 3 scrolls of identify
 s - a scroll of summoning
 x - a scroll of enchant weapon
 y - 2 scrolls of magic mapping
 z - a scroll of fear
 C - a scroll of teleportation
 E - 2 scrolls of enchant armour
Potions
 d - a potion of ambrosia
 l - 3 potions of brilliance
 p - 5 potions of curing
 u - a potion of haste
 w - a potion of magic
 B - a potion of flight
 F - 2 potions of resistance
 H - a potion of invisibility


   Skills:
 + Level 3.2 Fighting
 - Level 0.8 Throwing
 + Level 3.8 Dodging
 + Level 12.5 Unarmed Combat
 + Level 5.9 Spellcasting
 - Level 1.7 Conjurations
 + Level 12.4 Translocations
 - Level 1.8 Air Magic
 - Level 1.7 Poison Magic


You had 8 spell levels left.
You knew the following spells:

 Your Spells              Type           Power      Damage    Failure   Level
a - Blink                 Tloc           N/A        N/A       1%          2
b - Gell's Gravitas       Tloc           14%        N/A       1%          3
c - Manifold Assault      Tloc           29%        N/A       1%          5
d - Mephitic Cloud        Conj/Pois/Air  6%         N/A       13%         3

Your spell library contained the following spells:

 Spells                   Type           Power      Damage    Failure   Level
 Lesser Beckoning         Tloc           14%        N/A       1%          3
 Teleport Other           Tloc           29%        N/A       1%          3
 Conjure Flame            Conj/Fire      5%         6-21      19%         3
 Ignite Poison            Fire/Tmut/Pois 4%         N/A       22%         3
 Sticky Flame             Conj/Fire      5%         2d3       56%         4
 Bolt of Magma            Conj/Fire/Erth 2%         4d4       92%         5


Dungeon Overview and Level Annotations

Branches:
Dungeon (11/15)            Temple (1/1) D:5            Lair (1/6) D:10
    Orc (0/2) D:9           Sewer (visited)          Bailey (visited)

Altars:
Ashenzari
Cheibriados
Dithmenos
Elyvilon
Fedhas
Gozag
Hepliaklqana
Kikubaaqudgha
Makhleb
Nemelex Xobeh
Okawaru
Qazlal
Ru
Sif Muna
Trog
Uskayaw
Vehumet
Wu Jian
Xom
Yredelemnul
Zin
The Shining One

Shops:
D:8 *   D:9 [

Annotations:
D:3 1 runed translucent door, Crazy Yiuf
D:9 1 runed translucent door
D:11 Erolcha
Abyss:2 1 runed translucent door


Innate Abilities, Weirdness & Mutations

You can breathe blasts of scalding, opaque steam.
Your pale cyan-grey scales are hard. (AC +7)
You cannot fit into any form of body armour.
You are cold-blooded and may be slowed by cold attacks.
You are immune to the effects of steam.
You have a pair of small horns on your head.
You have sharp toenails.
You are agile. (Dex +2)
[You often lose your temper in combat.]
[Your magical capacity is extremely low. (-30% MP)]
[You are very weak. (Str -4)]
[Your spells are easier to cast, but less powerful.]
[You sometimes lose the ability to read scrolls when taking damage.]


Message History

You can read scrolls again.
The flying skull barely misses you.
You hit the flying skull.
You claw the flying skull, but do no damage.
Your tail-slap misses the flying skull.
Your punch misses the flying skull.
The flying skull is almost destroyed.
The flying skull hits you!
You feel threatened and lose the ability to read scrolls!
* * * LOW HITPOINT WARNING * * *
You closely miss the flying skull.
The flying skull is severely damaged.
The flying skull hits you!
* * * LOW HITPOINT WARNING * * *
A red film seems to cover your vision as you go berserk!
You feel yourself moving faster!
You feel mighty!
You punch the flying skull!
You destroy the flying skull!
You barely miss the flying skull. Your headbutt misses the flying skull.
You punch the flying skull!
You claw the flying skull, but do no damage.
Your punch misses the flying skull.
The flying skull is heavily damaged.
The flying skull closely misses you.
You barely miss the flying skull.
The flying skull is moderately damaged.
You punch the bone dragon!
The bone dragon is lightly damaged.
You punch the bone dragon!
You tail-slap the bone dragon, but do no damage.
The bone dragon is lightly damaged.
You hit the bone dragon.
You headbutt the bone dragon, but do no damage.
The bone dragon is lightly damaged.
You punch the bone dragon!
You tail-slap the bone dragon, but do no damage.
The bone dragon is lightly damaged.
The bone dragon bites you!!
* * * LOW HITPOINT WARNING * * *
The bone dragon claws you!
You die...
Your body crumbles into a pile of gold.

### # .# #@#
##.####..#
##Dz..#...#.
##z.## .... .#
## .....
.##.## #
.#...#.. ...##
# .#.#.#..#
##.. #
#.#...#..#...#
# ###..#.##..#
# $ #..##.. .#
# .


You could see a bone dragon and 2 flying skulls.

Vanquished Creatures
  Harold (D:8)
  A boulder beetle (D:10)
  4 two-headed ogres (D:10)
  Pikel (D:6)
  An ugly thing (D:9)
  Joseph (D:7)
  A komodo dragon (D:10)
  Prince Ribbit (D:8)
  3 blink frogs (Lair:1)
  A flying skull (Abyss:2)
  A wraith (D:10)
  9 yaks
  Grum (D:8)
  2 steam dragons
  9 vampire mosquitoes
  An acid dragon (D:10)
  A water moccasin (D:3)
  7 orc warriors
  An ice beast (D:8)
  A sky beast (D:8)
  3 wolves (D:8)
  5 centaurs
  2 lemures (D:6)
  3 ogres
  A phantom (D:7)
  4 kobold brigands
  2 bullfrogs
  2 gnoll sergeants
  7 scorpions
  A water moccasin zombie (D:6)
  12 killer bees
  7 wights
  6 howler monkeys
  4 electric eels (D:7)
  4 bullfrog zombies
  A jelly (D:6)
  4 orc priests
  A centaur skeleton (D:7)
  A centaur zombie (D:6)
  8 hounds
  An iguana (D:6)
  6 orc wizards
  Natasha (thrice) (D:3)
  A hound zombie (D:5)
  A hound skeleton (D:5)
  Robin (D:2)
  8 adders
  20 gnolls
  3 white imps
  2 ufetubi
  2 worms (D:2)
  11 dart slugs
  22 orcs
  8 endoplasms
  5 giant cockroaches
  23 goblins
  9 hobgoblins
  14 jackals
  28 kobolds
  A quokka (D:4)
  11 ball pythons
  A bat (D:2)
  10 frilled lizards
  12 rats
329 creatures vanquished.

Vanquished Creatures (collateral kills)
  An endoplasm (D:1)
  A kobold (D:1)
2 creatures vanquished.

Vanquished Creatures (others)
  12 fungi
  33 plants
  4 starspawn tentacles (Abyss:2)
49 creatures vanquished.

Grand Total: 380 creatures vanquished

Notes
Turn   | Place    | Note
-------+----------+-------------------------------------------
     0 | D:1      | pkoi the Draconian Warper began the quest for the Orb.
     0 | D:1      | Reached XP level 1. HP: 17/17 MP: 3/3
   350 | D:1      | Reached XP level 2. HP: 19/24 MP: 5/5
  1033 | D:1      | Reached XP level 3. HP: 26/29 MP: 6/6
  1066 | D:1      | Learned a level 2 spell: Blink
  1070 | D:1      | Learned a level 3 spell: Gell's Gravitas
  1195 | D:1      | Noticed a shining eye
  1196 | D:1      | Found a faded altar of an unknown god.
  1208 | D:1      | Noticed a golden eye
  1213 | D:1      | Noticed a golden eye
  1216 | D:1      | Noticed an eye of devastation
  1414 | D:2      | Identified a scroll of acquirement
  1414 | D:2      | Acquired a +1 hat of stealth
  1738 | D:2      | Reached XP level 4. HP: 36/36 MP: 7/7
  1926 | D:2      | Noticed a scorpion
  1947 | D:2      | Killed a scorpion
  1948 | D:2      | Reached XP level 5. HP: 37/41 MP: 7/9
  2140 | D:2      | Noticed Robin
  2158 | D:2      | Killed Robin
  3162 | D:3      | Noticed Natasha
  3168 | D:3      | Killed Natasha
  3174 | D:3      | Noticed Natasha
  3179 | D:3      | Killed Natasha
  3189 | D:3      | Noticed Natasha
  3198 | D:3      | Killed Natasha
  3199 | D:3      | Reached XP level 6. HP: 43/48 MP: 10/10
  3270 | D:3      | Found a runed translucent door.
  3271 | D:3      | Noticed Crazy Yiuf
  3408 | D:3      | Noticed a water moccasin
  3671 | D:3      | Gained mutation: You have sharp toenails. [potion of
                  | mutation]
  3671 | D:3      | Gained mutation: You are agile. (Dex +2) [potion of
                  | mutation]
  3671 | D:3      | Gained mutation: You have a pair of small horns on your
                  | head. [potion of mutation]
  3678 | D:3      | Killed a water moccasin
  3679 | D:3      | Reached skill level 5 in Unarmed Combat
  4104 | D:3      | Reached skill level 5 in Translocations
  4168 | D:3      | Found an ornate altar of the Wu Jian Council.
  4169 | D:3      | Found a broken altar of Ashenzari.
  4170 | D:3      | Found a sparkling altar of Nemelex Xobeh.
  4170 | D:3      | Found a shimmering altar of Xom.
  4206 | D:3      | Found a bloodstained altar of Trog.
  4208 | D:3      | Found a white marble altar of Elyvilon.
  4519 | D:4      | Your scales start taking on a pale cyan-grey colour.
  4519 | D:4      | Reached XP level 7. HP: 24/55 MP: 11/11
  4519 | D:4      | Gained mutation: You are immune to the effects of steam.
                  | [Pale Draconian growth]
  5066 | D:4      | Found a glowing drain.
  5071 | Sewer    | Entered a sewer
  5773 | D:4      | Found a blossoming altar of Fedhas.
  6092 | D:5      | Entered Level 5 of the Dungeon
  6319 | D:5      | Found a staircase to the Ecumenical Temple.
  6333 | Temple   | Entered the Ecumenical Temple
  6466 | Temple   | Became a worshipper of Gozag Ym Sagoz the Greedy
  6576 | D:5      | Reached XP level 8. HP: 50/61 MP: 12/12
  6646 | D:5      | Found an ancient bone altar of Kikubaaqudgha.
  7333 | D:6      | Noticed Pikel
  7352 | D:6      | Killed Pikel
  8015 | D:6      | Reached XP level 9. HP: 37/67 MP: 13/13
  8164 | D:6      | Learned a level 5 spell: Manifold Assault
  8182 | D:6      | Found a snail-covered altar of Cheibriados.
  9738 | D:7      | Noticed Joseph
  9749 | D:7      | Killed Joseph
  9977 | D:7      | Reached skill level 10 in Unarmed Combat
 10223 | D:7      | Found a burning altar of Makhleb.
 10224 | D:7      | Found a hazy altar of Hepliaklqana.
 10667 | D:7      | Noticed a +0 falchion
 10667 | D:7      | Noticed a +0 short sword
 10668 | D:7      | Noticed a +0 spear
 10669 | D:7      | Noticed a +0 falchion
 10669 | D:7      | Noticed a +0 short sword
 10669 | D:7      | Noticed a +0 spear
 10670 | D:7      | Noticed a +0 dagger
 10670 | D:7      | Noticed a +0 dagger
 10672 | D:7      | Found a hide-covered altar of Uskayaw.
 10803 | D:8      | Reached skill level 10 in Translocations
 11375 | D:8      | Noticed Grum
 11376 | D:8      | Noticed Harold
 11382 | D:8      | Killed Grum
 11383 | D:8      | Reached XP level 10. HP: 59/73 MP: 4/14
 11405 | D:8      | Killed Harold
 11797 | D:8      | Noticed Prince Ribbit
 11853 | D:8      | Killed Prince Ribbit
 11990 | D:8      | Bought a yellow potion for 24 gold pieces
 11990 | D:8      | Bought a scroll of identify for 54 gold pieces
 11990 | D:8      | Bought a scroll of identify for 54 gold pieces
 12296 | D:9      | Found a staircase to the Orcish Mines.
 12398 | D:9      | Acquired 933 gold pieces
 12939 | D:9      | Learned a level 3 spell: Mephitic Cloud
 13721 | D:8      | Reached skill level 1 in Conjurations
 13721 | D:8      | Reached skill level 1 in Air Magic
 13721 | D:8      | Reached skill level 1 in Poison Magic
 15096 | D:9      | Found a runed translucent door.
 15217 | D:9      | Noticed a green ugly thing
 15734 | D:9      | Reached XP level 11. HP: 74/79 MP: 0/16
 15858 | D:9      | Killed a green ugly thing
 16010 | D:10     | Entered Level 10 of the Dungeon
 16013 | D:10     | Found a flagged portal.
 16027 | Bailey   | Entered a bailey
 16408 | D:10     | Noticed a two-headed ogre
 16426 | D:10     | Killed a two-headed ogre
 17228 | D:10     | Identified the +9 long sword of Kismet {vorpal, +Rage Fly
                  | Int+2 SInv}
 17416 | D:10     | HP: 2/79 [komodo dragon (22)]
 17786 | D:10     | Found a staircase to the Lair.
 17794 | D:10     | Reached skill level 5 in Spellcasting
 18493 | D:10     | Noticed a boulder beetle
 18629 | D:10     | Found a glowing golden altar of the Shining One.
 19060 | D:10     | Noticed a two-headed ogre
 19066 | D:10     | Noticed a two-headed ogre
 19067 | D:10     | Noticed a two-headed ogre
 19094 | D:10     | Killed a two-headed ogre
 19097 | D:10     | Killed a two-headed ogre
 19746 | D:10     | Killed a two-headed ogre
 20245 | D:10     | Killed a boulder beetle
 20348 | Lair:1   | Entered Level 1 of the Lair of Beasts
 20359 | Lair:1   | Noticed a four-headed hydra
 20780 | D:11     | Noticed Erolcha
 20791 | D:11     | Cast into level 2 of the Abyss (Erolcha)
 20810 | Abyss:2  | Noticed a wretched star
 20865 | Abyss:2  | Noticed a tentacled starspawn
 20867 | Abyss:2  | Noticed a thrashing horror
 20868 | Abyss:2  | Found a runed translucent door.
 20869 | Abyss:2  | Noticed a starcursed mass
 20877 | Abyss:2  | Noticed a tentacled starspawn
 20883 | Abyss:2  | Found a corrupted altar of Lugonu.
 20950 | Abyss:2  | Noticed a bone dragon
 21070 | Abyss:2  | Noticed a bone dragon
 21131 | Abyss:2  | Slain by a bone dragon

Illustrated notes

Levels and vault maps discovered:
D:1:      giann_wishing_wells, layout_rooms,
          hellmonk_ecumenical_altar_watching_god
D:2:      layout_loops_corners, kennysheep_generic_room_16, uniq_robin
D:3:      cheibrodos_old_hovel, layout_basic, mainiacjoe_overflow_alcove_3,
          mainiacjoe_overflow_divided_tiny, st_stairs_6, uniq_natasha,
          uniq_crazy_yiuf_cottage
D:4:      layout_basic, mainiacjoe_overflow_alcove_4, portal_sewer_entry_e
D:5:      layout_basic, nicolae_kikubaaqudgha_miasma_corner,
          minmay_temple_entry_trees, st_stairs_3, minmay_manual_monstrance
D:6:      layout_loops_corners, marbit_many_paths, uniq_pikel
D:7:      kennysheep_slugbush, layout_loops_ring,
          gammafunk_temple_overflow_statue, nicolae_uskayaw_en_pointe,
          uniq_joseph
D:8:      layout_rooms, serial_corexii_hall, corexii_hall_statues_i,
          corexii_hall_statues_t, uniq_grum, uniq_prince_ribbit1, uniq_harold
D:9:      minmay_the_grid_triangle_9x9_rhombus_thin_mashed
          [minmay_the_grid_triangle_9x9_wacky_v,
          minmay_the_grid_triangle_9x9_prize_special,
          minmay_the_grid_triangle_9x9_subtriangle,
          minmay_the_grid_triangle_9x9_warning], layout_cave_pools, orc_0_dummy
D:10:     layout_roguey, tso_metal_star, grunt_lair_entry_orc_guard_hut,
          lightli_bailey_entry_fortress, wad_rectangle_vault
D:11:     erik_cavepeople, layout_basic, uniq_erolcha
Temple:   nicolae_temple_figure_zero
Lair:1:   layout_hall_layers, serial_bayou_shore_a, serial_bayou_shore_b
Abyss:2:  base: D:11, minivault_13

Skill      XL: |  1  2  3  4  5  6  7  8  9 10 11 |
---------------+----------------------------------+-----
Unarmed Combat | 3 4 5 7 8 10 11 12 | 12.5
Spellcasting   | 3 5 |  5.9
Translocations | 4 5 6 8 10 11 12 | 12.4
Conjurations   | 1 |  1.7
Air Magic      | 1 |  1.8
Poison Magic   | 1 |  1.7
Dodging        | 3 |  3.8
Fighting       | 3 |  3.2
Throwing       | |  0.8

Action                   |  1- 3 |  4- 6 |  7- 9 | 10-12 || total
-------------------------+-------+-------+-------+-------++-------
Melee: Dagger            |   140 |   179 |   100 |     6 ||   425
       Tailslap          |    18 |    16 |    28 |    31 ||    93
       Unarmed           |     4 |     8 |   197 |   320 ||   529
       Punch             |       |     3 |    10 |     4 ||    17
       Kick              |       |    14 |    83 |    64 ||   161
       Headbutt          |       |     7 |    45 |    31 ||    83
       Long sword        |       |       |       |     3 ||     3
Throw: Dart              |       |       |     2 |    14 ||    16
       Boomerang         |       |       |       |     2 ||     2
 Cast: Gell's Gravitas   |       |       |    19 |     3 ||    22
       Manifold Assault  |       |       |       |    61 ||    61
       Blink             |       |       |       |     3 ||     3
Invok: Call Merchant     |       |       |       |     2 ||     2
       Potion Petition   |       |       |       |     2 ||     2
 Abil: Breathe Steam     |       |       |     8 |    30 ||    38
Evoke: Wand              |       |       |     1 |       ||     1
  Use: Scroll            |     5 |     2 |    10 |     4 ||    21
       Potion            |     1 |     2 |     3 |     4 ||    10
 Stab: Sleeping          |     2 |     4 |    10 |       ||    16
       Distracted        |       |       |       |     2 ||     2
Armor: Skin              |    45 |    70 |    86 |    58 ||   259
Dodge: Dodged            |    76 |    83 |   170 |   166 ||   495
       Rpst.: Long sword |       |       |       |     1 ||     1
